Connexion

Griffins vs Wolf Pack

Created - 15 novembre 2023 at 05:45

Goals
1 2 3 OT1 SO T
Griffins 2 0 1 0 2 4
Wolf Pack 1 1 1 0 0 3
Shots
1 2 3 OT1 SO T
Griffins 10 9 11 2 2 32
Wolf Pack 14 7 13 7 2 41

GoalsPenalties
1st period
1. Griffins , Nick Merkley 14 (Jake Walman 15, Jack Ahcan 16) at 6:22
2. Wolf Pack , Cole Bardreau 19 (Tyler Wotherspoon 15, Matt Donovan 25) at 13:53
3. Griffins , Sasha Chmelevski 18 (Otto Koivula 7) at 17:04 (PP)
Luke Witkowski (HAR) for Hooking (Minor) at 2:18
Fillip Zadina (GRG) for Hooking (Minor) at 8:52
Matt Donovan (HAR) for Tripping (Minor) at 16:58
Daniel Walcott (HAR) for Hooking (Minor) at 17:54
2nd period
4. Wolf Pack , Joe Thornton 16 (Luke Witkowski 14, Emile Poirier 19) at 10:59
Tyler Wotherspoon (HAR) for Holding Stick (Minor) at 0:15
Nick Merkley (GRG) for Cross-checking (Minor) at 1:19
Jake Dotchin (GRG) for Hooking (Minor) at 4:25
3rd period
5. Griffins , Jack Ahcan 4 (Nick Merkley 21, Sasha Chmelevski 19) at 3:33 (PP)
6. Wolf Pack , Emile Poirier 9 (Luke Witkowski 15, Joe Thornton 26) at 14:19
Michael Kapla (HAR) for Roughing (Minor) at 3:21
Jake Dotchin (GRG) for Hooking (Minor) at 16:54
Overtime #1
No Goal
Shootout
Griffins, Fillip Zadina - Goal!
Wolf Pack, Zac Dalpe - Shot Misses the Net
Griffins, Tyler Benson - Goal!
Wolf Pack, Dave Gust - Stopped by Justus Annunen
Goalie Stats
Justus Annunen (GRG), 38 saves from 41 shots - (0,927), W, 17-11-4, 65:00 minutes
Mads Sogaard (HAR), 29 saves from 32 shots - (0,906), OTL, 10-13-4, 65:00 minutes
3 StarsOfficial
1 - Joe Thornton (HAR)
2 - Emile Poirier (HAR)
3 - Jack Ahcan (GRG)
Referees : Dennis LaRue and Dean Morton
Linesman : Derek Amell and Thor Nelson
Game Note
No Game Note
Finance
Level 1 -- Attendance: 1929 (96,45%) -- Ticket Income 67 515 $
Level 2 -- Attendance: 1000 (100,00%) -- Ticket Income 15 000 $
Total Attendance: 2929 (97,63%)
Total Ticket Income: 82 515 $
Other Income: 16 503 $
Total Income: 99 018 $



Team Name Goals Shots Shots Attemp Shots Blocked PIM HIT PP PK FO%
Griffins 43265188222 / 5 (40%)043%
Wolf Pack 34185710300 / 4 (0%)257%

Griffins
Player Name POS G A P +/- PIM HIT SHT SB MP PP MP PP SHT PK MP PK SHT FO% FOT
A.J. GreerLW0000010115:310:0002:0400% 5
Adam BrooksC0000002012:240:0000:00042% 12
Alexander VolkovLW/RW0000014013:210:0000:0000% 1
Dylan CoghlanD000-2022224:043:0323:3700% 0
Fillip ZadinaRW000-2214024:583:0313:05033% 9
Jack AhcanD1120014322:332:1723:2400% 0
Jacob LarssonD0000000116:320:2700:0000% 0
Jake DotchinD0000461316:420:0000:0000% 0
Jake WalmanD0110022321:302:1723:2400% 0
Jonathan DahlenLW000000103:370:2700:250100% 1
Marc McLaughlinC000-2012019:242:3602:03057% 21
Nick MerkleyRW1120214019:572:1601:3200% 2
Otto KoivulaC/LW0110011018:262:1700:0000% 0
Parker WotherspoonD000-2010223:372:3603:3700% 0
Sasha ChmelevskiC/RW1120021019:512:1710:00052% 25
Shane GersichC/LW000000016:390:0000:20025% 4
Teddy BluegerC/LW000001215:080:0000:00020% 5
Tyler BensonLW000-2012122:463:0314:33150% 2
Wolf Pack
Player Name POS G A P +/- PIM HIT SHT SB MP PP MP PP SHT PK MP PK SHT FO% FOT
Brad RichardsonC/LW/RW000-1047023:304:1031:48062% 13
Cole BardreauC/RW1011004013:110:0000:00073% 11
Daniel WalcottD0000210021:343:2001:2500% 0
Dave GustRW000-1013123:134:1013:22050% 2
Emile PoirierLW/RW1122005018:412:5110:000100% 1
Henri IkonenC/LW000000106:460:0000:000100% 1
Jeremy BraccoLW/RW0001004014:200:0000:0000% 0
Joe ThorntonC1122014017:422:5100:00061% 18
Luke WitkowskiRW0222243117:032:5111:0400% 2
Matt DonovanD0112220024:393:4102:2300% 0
Michael KaplaD0000220116:260:0000:0000% 0
Nick LappinC/RW0001011112:370:0000:0000% 2
Santerri SaariD0000031217:180:0001:4400% 0
Seth HelgesonD0000021020:313:2013:0400% 0
Shane BowersC/RW000004007:110:0000:59025% 4
Ty RonningRW000000106:120:0000:0000% 1
Tyler WotherspoonD0112241124:283:4112:0400% 0
Zac Dalpe C/LW/RW000-1015023:184:1023:27059% 32



Play-by-Play

1st period


0:01 of 1st period - Marc McLaughlin wins face-off versus Zac Dalpe in neutral zone.
0:09 of 1st period - Fillip Zadina is hit by Tyler Wotherspoon and loses puck.
0:49 of 1st period - Dylan Coghlan is hit by Daniel Walcott and loses puck.
1:02 of 1st period - Shot by Luke Witkowski.
1:02 of 1st period - Stopped by Justus Annunen without a rebound.
1:03 of 1st period - Cole Bardreau wins face-off versus Sasha Chmelevski in Griffins zone.
1:06 of 1st period - Shot by Nick Lappin.
1:06 of 1st period - Shot Misses the Net.
1:08 of 1st period - Shot by Cole Bardreau.
1:08 of 1st period - Stopped by Justus Annunen with a rebound.
1:26 of 1st period - Shot by Cole Bardreau.
1:26 of 1st period - Shot Blocked by Jack Ahcan.
1:28 of 1st period - Shot by Nick Lappin.
1:28 of 1st period - Shot Hit the Post.
2:13 of 1st period - Shot by Joe Thornton.
2:13 of 1st period - Shot Misses the Net.
2:18 of 1st period - Minor Penalty to Luke Witkowski for Hooking.
2:19 of 1st period - Marc McLaughlin wins face-off versus Zac Dalpe in Wolf Pack zone.
2:19 of 1st period - Marc McLaughlin is hit by Matt Donovan.
2:33 of 1st period - Shot by Fillip Zadina.
2:33 of 1st period - Shot Blocked by Tyler Wotherspoon.
2:43 of 1st period - Shot by Tyler Benson.
2:43 of 1st period - Shot Blocked by Dave Gust.
3:01 of 1st period - Shot by Jake Walman.
3:01 of 1st period - Deflect By Sasha Chmelevski.
3:01 of 1st period - Shot Hit the Post.
3:19 of 1st period - Shot by Jake Walman.
3:19 of 1st period - Stopped by Mads Sogaard with a rebound.
3:41 of 1st period - Shot by Tyler Benson.
3:41 of 1st period - Shot Misses the Net.
3:50 of 1st period - Off-side.
3:51 of 1st period - Jonathan Dahlen wins face-off versus Brad Richardson in neutral zone.
3:53 of 1st period - Dylan Coghlan is hit by Tyler Wotherspoon and loses puck.
4:24 of 1st period - Shot by Alexander Volkov.
4:24 of 1st period - Shot Misses the Net.
4:26 of 1st period - Shot by Alexander Volkov.
4:26 of 1st period - Stopped by Mads Sogaard without a rebound.
4:27 of 1st period - Cole Bardreau wins face-off versus Adam Brooks in Wolf Pack zone.
4:35 of 1st period - Icing by Jacob Larsson.
4:36 of 1st period - Joe Thornton wins face-off versus Adam Brooks in Griffins zone.
4:36 of 1st period - Santerri Saari is hit by Jake Dotchin and loses puck.
5:37 of 1st period - Adam Brooks is hit by Shane Bowers and loses puck.
5:49 of 1st period - Ty Ronning is hit by Jack Ahcan and loses puck.
5:58 of 1st period - Shot by Matt Donovan.
5:58 of 1st period - Shot Blocked by Jake Walman.
6:00 of 1st period - Shot by Henri Ikonen.
6:00 of 1st period - Shot Misses the Net.
6:22 of 1st period - Shot by Nick Merkley.
6:22 of 1st period - Goal by Nick Merkley - Griffins : 1 - Wolf Pack : 0.
6:23 of 1st period - Tyler Benson wins face-off versus Cole Bardreau in neutral zone.
6:26 of 1st period - Jeremy Bracco is hit by Tyler Benson and loses puck.
7:24 of 1st period - Shot by Brad Richardson.
7:24 of 1st period - Stopped by Justus Annunen without a rebound.
7:25 of 1st period - Sasha Chmelevski wins face-off versus Luke Witkowski in Griffins zone.
7:38 of 1st period - Sasha Chmelevski is hit by Luke Witkowski and loses puck.
7:57 of 1st period - Shot by Nick Merkley.
7:57 of 1st period - Stopped by Mads Sogaard without a rebound.
7:58 of 1st period - Adam Brooks wins face-off versus Zac Dalpe in Wolf Pack zone.
8:18 of 1st period - Jacob Larsson is hit by Brad Richardson and loses puck.
8:25 of 1st period - Shot by Zac Dalpe .
8:25 of 1st period - Stopped by Justus Annunen without a rebound.
8:26 of 1st period - Marc McLaughlin wins face-off versus Shane Bowers in Griffins zone.
8:26 of 1st period - Marc McLaughlin is hit by Shane Bowers.
8:52 of 1st period - Minor Penalty to Fillip Zadina for Hooking.
8:53 of 1st period - Zac Dalpe wins face-off versus A.J. Greer in Griffins zone.
9:06 of 1st period - Shot by Tyler Wotherspoon.
9:06 of 1st period - Shot Blocked by Jake Walman.
9:20 of 1st period - Shot by Matt Donovan.
9:20 of 1st period - Shot Blocked by Jack Ahcan.
9:22 of 1st period - Shot by Zac Dalpe .
9:22 of 1st period - Stopped by Justus Annunen without a rebound.
9:23 of 1st period - Joe Thornton wins face-off versus Tyler Benson in Griffins zone.
9:34 of 1st period - Shot by Emile Poirier.
9:34 of 1st period - Stopped by Justus Annunen with a rebound.
9:36 of 1st period - Shot by Joe Thornton.
9:36 of 1st period - Shot Misses the Net.
9:38 of 1st period - Shot by Seth Helgeson.
9:38 of 1st period - Stopped by Justus Annunen with a rebound.
9:40 of 1st period - Shot by Emile Poirier.
9:40 of 1st period - Shot Blocked by Dylan Coghlan.
9:42 of 1st period - Shot by Luke Witkowski.
9:42 of 1st period - Stopped by Justus Annunen without a rebound.
9:43 of 1st period - Dave Gust wins face-off versus A.J. Greer in Griffins zone.
9:46 of 1st period - Shot by Brad Richardson.
9:46 of 1st period - Shot Blocked by Jake Walman.
9:48 of 1st period - Shot by Dave Gust.
9:48 of 1st period - Stopped by Justus Annunen without a rebound.
9:49 of 1st period - Zac Dalpe wins face-off versus A.J. Greer in Griffins zone.
10:01 of 1st period - Off-side.
10:02 of 1st period - Emile Poirier wins face-off versus A.J. Greer in neutral zone.
10:28 of 1st period - Shot by Joe Thornton.
10:28 of 1st period - Shot Misses the Net.
10:38 of 1st period - A.J. Greer is hit by Joe Thornton and loses puck.
11:15 of 1st period - Shot by Nick Lappin.
11:15 of 1st period - Stopped by Justus Annunen with a rebound.
11:17 of 1st period - Shot by Santerri Saari.
11:17 of 1st period - Shot Misses the Net.
11:55 of 1st period - Shot by Zac Dalpe .
11:55 of 1st period - Shot Misses the Net.
12:23 of 1st period - Shot by Brad Richardson.
12:23 of 1st period - Shot Misses the Net.
12:36 of 1st period - Nick Merkley is hit by Seth Helgeson and loses puck.
13:02 of 1st period - Henri Ikonen is hit by Jake Walman.
13:28 of 1st period - Off-side.
13:29 of 1st period - Cole Bardreau wins face-off versus Marc McLaughlin in neutral zone.
13:53 of 1st period - Shot by Cole Bardreau.
13:53 of 1st period - Goal by Cole Bardreau - Griffins : 1 - Wolf Pack : 1.
13:54 of 1st period - Brad Richardson wins face-off versus Sasha Chmelevski in neutral zone.
14:20 of 1st period - Nick Merkley is hit by Brad Richardson and loses puck.
14:30 of 1st period - Shot by Otto Koivula.
14:30 of 1st period - Stopped by Mads Sogaard without a rebound.
14:31 of 1st period - Adam Brooks wins face-off versus Joe Thornton in Wolf Pack zone.
14:59 of 1st period - Icing by Joe Thornton.
15:00 of 1st period - Joe Thornton wins face-off versus Marc McLaughlin in Wolf Pack zone.
16:30 of 1st period - Shot by Jeremy Bracco.
16:30 of 1st period - Shot Misses the Net.
16:32 of 1st period - Shot by Jeremy Bracco.
16:32 of 1st period - Shot Misses the Net.
16:34 of 1st period - Shot by Santerri Saari.
16:34 of 1st period - Stopped by Justus Annunen with a rebound.
16:36 of 1st period - Shot by Jeremy Bracco.
16:36 of 1st period - Stopped by Justus Annunen without a rebound.
16:37 of 1st period - Sasha Chmelevski wins face-off versus Shane Bowers in Griffins zone.
16:44 of 1st period - Shot by Henri Ikonen.
16:44 of 1st period - Stopped by Justus Annunen without a rebound.
16:45 of 1st period - Sasha Chmelevski wins face-off versus Joe Thornton in Griffins zone.
16:47 of 1st period - Icing by Nick Merkley.
16:48 of 1st period - Sasha Chmelevski wins face-off versus Joe Thornton in Griffins zone.
16:52 of 1st period - Jack Ahcan is hit by Luke Witkowski and loses puck.
16:58 of 1st period - Minor Penalty to Matt Donovan for Tripping.
16:59 of 1st period - Sasha Chmelevski wins face-off versus Zac Dalpe in Wolf Pack zone.
17:04 of 1st period - Shot by Sasha Chmelevski.
17:04 of 1st period - Goal by Sasha Chmelevski - Griffins : 2 - Wolf Pack : 1.
17:05 of 1st period - Zac Dalpe wins face-off versus Nick Merkley in neutral zone.
17:54 of 1st period - Minor Penalty to Daniel Walcott for Hooking.
17:55 of 1st period - Zac Dalpe wins face-off versus Marc McLaughlin in Wolf Pack zone.
18:13 of 1st period - Seth Helgeson is hit by Marc McLaughlin and loses puck.
18:25 of 1st period - Shot by Dylan Coghlan.
18:25 of 1st period - Stopped by Mads Sogaard without a rebound.
18:26 of 1st period - Sasha Chmelevski wins face-off versus Zac Dalpe in Wolf Pack zone.
18:27 of 1st period - Shot by Jake Walman.
18:27 of 1st period - Stopped by Mads Sogaard with a rebound.
18:41 of 1st period - Shot by Nick Merkley.
18:41 of 1st period - Shot Blocked by Santerri Saari.
18:57 of 1st period - Matt Donovan is hit by Sasha Chmelevski and loses puck.
19:21 of 1st period - Off-side.
19:22 of 1st period - Marc McLaughlin wins face-off versus Zac Dalpe in neutral zone.
19:47 of 1st period - Shot by Tyler Benson.
19:47 of 1st period - Stopped by Mads Sogaard without a rebound.
19:48 of 1st period - Marc McLaughlin wins face-off versus Brad Richardson in Wolf Pack zone.
19:49 of 1st period - Shot by Dylan Coghlan.
19:49 of 1st period - Stopped by Mads Sogaard without a rebound.
19:50 of 1st period - Marc McLaughlin wins face-off versus Brad Richardson in Wolf Pack zone.
Goals for this period are 2 for Griffins vs 1 for Wolf Pack.
Shots for this period are 10 for Griffins vs 14 for Wolf Pack.

2nd period


0:01 of 2nd period - Marc McLaughlin wins face-off versus Zac Dalpe in neutral zone.
0:15 of 2nd period - Minor Penalty to Tyler Wotherspoon for Holding Stick.
0:16 of 2nd period - Zac Dalpe wins face-off versus Sasha Chmelevski in Wolf Pack zone.
0:32 of 2nd period - Shot by Nick Merkley.
0:32 of 2nd period - Deflect By Sasha Chmelevski.
0:32 of 2nd period - Shot Hit the Post.
0:34 of 2nd period - Shot by Nick Merkley.
0:34 of 2nd period - Deflect By Sasha Chmelevski.
0:34 of 2nd period - Shot Misses the Net.
0:36 of 2nd period - Shot by Jack Ahcan.
0:36 of 2nd period - Shot Misses the Net.
0:38 of 2nd period - Shot by Sasha Chmelevski.
0:38 of 2nd period - Shot Misses the Net.
0:40 of 2nd period - Shot by Jake Walman.
0:40 of 2nd period - Shot Misses the Net.
0:42 of 2nd period - Shot by Jack Ahcan.
0:42 of 2nd period - Stopped by Mads Sogaard without a rebound.
0:43 of 2nd period - Zac Dalpe wins face-off versus Marc McLaughlin in Wolf Pack zone.
1:10 of 2nd period - Marc McLaughlin is hit by Luke Witkowski and loses puck.
1:17 of 2nd period - Shot by Fillip Zadina.
1:17 of 2nd period - Stopped by Mads Sogaard without a rebound.
1:18 of 2nd period - Zac Dalpe wins face-off versus Sasha Chmelevski in Wolf Pack zone.
1:18 of 2nd period - Zac Dalpe is hit by Sasha Chmelevski.
1:19 of 2nd period - Minor Penalty to Nick Merkley for Cross-checking.
1:20 of 2nd period - Zac Dalpe wins face-off versus Fillip Zadina in Griffins zone.
2:02 of 2nd period - Icing by Michael Kapla.
2:03 of 2nd period - Zac Dalpe wins face-off versus Marc McLaughlin in Wolf Pack zone.
2:53 of 2nd period - Icing by Emile Poirier.
2:54 of 2nd period - Joe Thornton wins face-off versus Marc McLaughlin in Wolf Pack zone.
3:55 of 2nd period - Jeremy Bracco is hit by Jake Dotchin and loses puck.
4:23 of 2nd period - Ty Ronning is hit by Jake Dotchin and loses puck.
4:25 of 2nd period - Minor Penalty to Jake Dotchin for Hooking.
4:26 of 2nd period - Brad Richardson wins face-off versus Fillip Zadina in Griffins zone.
4:26 of 2nd period - Brad Richardson is hit by Dylan Coghlan.
4:38 of 2nd period - Shot by Brad Richardson.
4:38 of 2nd period - Shot Misses the Net.
4:40 of 2nd period - Shot by Brad Richardson.
4:40 of 2nd period - Stopped by Justus Annunen with a rebound.
4:54 of 2nd period - Shot by Seth Helgeson.
4:54 of 2nd period - Deflect By Dave Gust.
4:54 of 2nd period - Shot Misses the Net.
4:56 of 2nd period - Shot by Zac Dalpe .
4:56 of 2nd period - Stopped by Justus Annunen without a rebound.
4:57 of 2nd period - Fillip Zadina wins face-off versus Joe Thornton in Griffins zone.
4:57 of 2nd period - Jack Ahcan is hit by Luke Witkowski.
5:50 of 2nd period - Icing by Zac Dalpe .
5:51 of 2nd period - Zac Dalpe wins face-off versus Fillip Zadina in Wolf Pack zone.
6:03 of 2nd period - Fillip Zadina is hit by Zac Dalpe and loses puck.
6:14 of 2nd period - Shot by Seth Helgeson.
6:14 of 2nd period - Shot Misses the Net.
6:30 of 2nd period - Shot by Nick Lappin.
6:30 of 2nd period - Shot Misses the Net.
6:33 of 2nd period - Jeremy Bracco is hit by Jake Dotchin and loses puck.
6:49 of 2nd period - Jeremy Bracco is hit by Jake Dotchin and loses puck.
7:06 of 2nd period - Shot by Cole Bardreau.
7:06 of 2nd period - Deflect By Nick Lappin.
7:06 of 2nd period - Shot Misses the Net.
7:26 of 2nd period - Parker Wotherspoon is hit by Shane Bowers and loses puck.
7:44 of 2nd period - Off-side.
7:45 of 2nd period - Joe Thornton wins face-off versus Marc McLaughlin in neutral zone.
7:52 of 2nd period - Shot by Emile Poirier.
7:52 of 2nd period - Shot Misses the Net.
8:18 of 2nd period - Shot by Fillip Zadina.
8:18 of 2nd period - Stopped by Mads Sogaard with a rebound.
8:20 of 2nd period - Shot by Tyler Benson.
8:20 of 2nd period - Shot Misses the Net.
8:22 of 2nd period - Shot by Marc McLaughlin.
8:22 of 2nd period - Stopped by Mads Sogaard with a rebound.
8:24 of 2nd period - Shot by Jack Ahcan.
8:24 of 2nd period - Deflect By Fillip Zadina.
8:24 of 2nd period - Shot Misses the Net.
8:26 of 2nd period - Shot by Jack Ahcan.
8:26 of 2nd period - Stopped by Mads Sogaard without a rebound.
8:27 of 2nd period - Sasha Chmelevski wins face-off versus Zac Dalpe in Wolf Pack zone.
8:27 of 2nd period - Dylan Coghlan is hit by Matt Donovan and loses puck.
8:46 of 2nd period - Shot by Matt Donovan.
8:46 of 2nd period - Shot Misses the Net.
8:48 of 2nd period - Shot by Dave Gust.
8:48 of 2nd period - Stopped by Justus Annunen without a rebound.
8:49 of 2nd period - Cole Bardreau wins face-off versus Adam Brooks in Griffins zone.
9:11 of 2nd period - Shot by Jeremy Bracco.
9:11 of 2nd period - Shot Blocked by Jake Dotchin.
9:34 of 2nd period - Icing by Santerri Saari.
9:35 of 2nd period - Cole Bardreau wins face-off versus Marc McLaughlin in Wolf Pack zone.
10:55 of 2nd period - Shot by Emile Poirier.
10:55 of 2nd period - Shot Misses the Net.
10:57 of 2nd period - Shot by Luke Witkowski.
10:57 of 2nd period - Shot Misses the Net.
10:59 of 2nd period - Shot by Joe Thornton.
10:59 of 2nd period - Goal by Joe Thornton - Griffins : 2 - Wolf Pack : 2.
11:00 of 2nd period - Adam Brooks wins face-off versus Ty Ronning in neutral zone.
11:16 of 2nd period - A.J. Greer is hit by Santerri Saari.
11:28 of 2nd period - Shot by Alexander Volkov.
11:28 of 2nd period - Stopped by Mads Sogaard without a rebound.
11:29 of 2nd period - Sasha Chmelevski wins face-off versus Zac Dalpe in Wolf Pack zone.
11:41 of 2nd period - Jacob Larsson is hit by Brad Richardson.
12:29 of 2nd period - Off-side.
12:30 of 2nd period - Joe Thornton wins face-off versus Adam Brooks in neutral zone.
12:41 of 2nd period - Shot by Joe Thornton.
12:41 of 2nd period - Stopped by Justus Annunen without a rebound.
12:42 of 2nd period - Marc McLaughlin wins face-off versus Cole Bardreau in Griffins zone.
13:17 of 2nd period - Shot by Jeremy Bracco.
13:17 of 2nd period - Shot Misses the Net.
13:47 of 2nd period - Luke Witkowski is hit by Alexander Volkov and loses puck.
13:52 of 2nd period - Shot by Alexander Volkov.
13:52 of 2nd period - Shot Misses the Net.
13:54 of 2nd period - Shot by Adam Brooks.
13:54 of 2nd period - Stopped by Mads Sogaard without a rebound.
13:55 of 2nd period - Zac Dalpe wins face-off versus Sasha Chmelevski in Wolf Pack zone.
15:53 of 2nd period - Shot by Marc McLaughlin.
15:53 of 2nd period - Stopped by Mads Sogaard without a rebound.
15:54 of 2nd period - Cole Bardreau wins face-off versus Teddy Blueger in Wolf Pack zone.
15:54 of 2nd period - Cole Bardreau is hit by Fillip Zadina.
16:03 of 2nd period - Tyler Wotherspoon is hit by Parker Wotherspoon and loses puck.
16:06 of 2nd period - Shot by Nick Lappin.
16:06 of 2nd period - Shot Blocked by Parker Wotherspoon.
16:08 of 2nd period - Shot by Matt Donovan.
16:08 of 2nd period - Shot Blocked by Parker Wotherspoon.
16:59 of 2nd period - Jack Ahcan is hit by Nick Lappin and loses puck.
17:30 of 2nd period - Shot by Alexander Volkov.
17:30 of 2nd period - Shot Misses the Net.
17:35 of 2nd period - Icing by Seth Helgeson.
17:36 of 2nd period - Adam Brooks wins face-off versus Brad Richardson in Wolf Pack zone.
17:59 of 2nd period - Shot by Dave Gust.
17:59 of 2nd period - Deflect By Zac Dalpe .
17:59 of 2nd period - Stopped by Justus Annunen without a rebound.
18:00 of 2nd period - Marc McLaughlin wins face-off versus Joe Thornton in Griffins zone.
18:10 of 2nd period - Icing by Michael Kapla.
18:11 of 2nd period - Teddy Blueger wins face-off versus Luke Witkowski in Wolf Pack zone.
18:12 of 2nd period - Shot by Fillip Zadina.
18:12 of 2nd period - Shot Blocked by Santerri Saari.
18:14 of 2nd period - Shot by Teddy Blueger.
18:14 of 2nd period - Deflect By Fillip Zadina.
18:14 of 2nd period - Shot Misses the Net.
18:36 of 2nd period - Shot by Shane Gersich.
18:36 of 2nd period - Shot Misses the Net.
18:38 of 2nd period - Shot by Shane Gersich.
18:38 of 2nd period - Deflect By Teddy Blueger.
18:38 of 2nd period - Stopped by Mads Sogaard with a rebound.
18:59 of 2nd period - Icing by Santerri Saari.
19:00 of 2nd period - Joe Thornton wins face-off versus Sasha Chmelevski in Wolf Pack zone.
19:24 of 2nd period - Icing by Zac Dalpe .
19:25 of 2nd period - Zac Dalpe wins face-off versus Adam Brooks in Wolf Pack zone.
19:32 of 2nd period - Shot by Dave Gust.
19:32 of 2nd period - Stopped by Justus Annunen with a rebound.
19:41 of 2nd period - Off-side.
19:42 of 2nd period - Cole Bardreau wins face-off versus Fillip Zadina in neutral zone.
Goals for this period are 0 for Griffins vs 1 for Wolf Pack.
Shots for this period are 9 for Griffins vs 7 for Wolf Pack.

3rd period


0:01 of 3rd period - Marc McLaughlin wins face-off versus Zac Dalpe in neutral zone.
0:40 of 3rd period - Shot by Tyler Benson.
0:40 of 3rd period - Shot Misses the Net.
1:40 of 3rd period - Shot by Cole Bardreau.
1:40 of 3rd period - Shot Blocked by Dylan Coghlan.
1:54 of 3rd period - Shot by Cole Bardreau.
1:54 of 3rd period - Shot Misses the Net.
1:58 of 3rd period - Shot by Cole Bardreau.
1:58 of 3rd period - Stopped by Justus Annunen without a rebound.
1:59 of 3rd period - Sasha Chmelevski wins face-off versus Shane Bowers in Griffins zone.
1:59 of 3rd period - Sasha Chmelevski is hit by Shane Bowers.
2:29 of 3rd period - Tyler Wotherspoon is hit by Nick Merkley and loses puck.
2:37 of 3rd period - Off-side.
2:38 of 3rd period - Adam Brooks wins face-off versus Zac Dalpe in neutral zone.
2:58 of 3rd period - Shot by A.J. Greer.
2:58 of 3rd period - Deflect By Alexander Volkov.
2:58 of 3rd period - Stopped by Mads Sogaard with a rebound.
3:00 of 3rd period - Shot by A.J. Greer.
3:00 of 3rd period - Deflect By Adam Brooks.
3:00 of 3rd period - Shot Misses the Net.
3:02 of 3rd period - Shot by A.J. Greer.
3:02 of 3rd period - Shot Hit the Post.
3:08 of 3rd period - Shot by Alexander Volkov.
3:08 of 3rd period - Stopped by Mads Sogaard without a rebound.
3:09 of 3rd period - Sasha Chmelevski wins face-off versus Joe Thornton in Wolf Pack zone.
3:09 of 3rd period - Jake Walman is hit by Santerri Saari and loses puck.
3:15 of 3rd period - Sasha Chmelevski is hit by Michael Kapla and loses puck.
3:19 of 3rd period - Icing by Michael Kapla.
3:20 of 3rd period - Sasha Chmelevski wins face-off versus Joe Thornton in Wolf Pack zone.
3:20 of 3rd period - Sasha Chmelevski is hit by Santerri Saari.
3:21 of 3rd period - Minor Penalty to Michael Kapla for Roughing.
3:22 of 3rd period - Zac Dalpe wins face-off versus Sasha Chmelevski in Wolf Pack zone.
3:33 of 3rd period - Shot by Jack Ahcan.
3:33 of 3rd period - Goal by Jack Ahcan - Griffins : 3 - Wolf Pack : 2.
3:34 of 3rd period - Joe Thornton wins face-off versus A.J. Greer in neutral zone.
4:29 of 3rd period - Icing by Otto Koivula.
4:30 of 3rd period - Zac Dalpe wins face-off versus Sasha Chmelevski in Griffins zone.
4:41 of 3rd period - Matt Donovan is hit by Otto Koivula and loses puck.
4:45 of 3rd period - Icing by Matt Donovan.
4:46 of 3rd period - Marc McLaughlin wins face-off versus Zac Dalpe in Wolf Pack zone.
4:46 of 3rd period - Dylan Coghlan is hit by Tyler Wotherspoon and loses puck.
4:53 of 3rd period - Tyler Benson is hit by Dave Gust and loses puck.
5:12 of 3rd period - Shot by Brad Richardson.
5:12 of 3rd period - Stopped by Justus Annunen with a rebound.
5:14 of 3rd period - Shot by Dave Gust.
5:14 of 3rd period - Shot Misses the Net.
5:16 of 3rd period - Shot by Zac Dalpe .
5:16 of 3rd period - Shot Blocked by Tyler Benson.
5:18 of 3rd period - Shot by Zac Dalpe .
5:18 of 3rd period - Stopped by Justus Annunen without a rebound.
5:19 of 3rd period - Sasha Chmelevski wins face-off versus Nick Lappin in Griffins zone.
5:34 of 3rd period - Shot by Sasha Chmelevski.
5:34 of 3rd period - Shot Misses the Net.
5:36 of 3rd period - Shot by Nick Merkley.
5:36 of 3rd period - Shot Misses the Net.
5:38 of 3rd period - Shot by Jack Ahcan.
5:38 of 3rd period - Stopped by Mads Sogaard without a rebound.
5:39 of 3rd period - Joe Thornton wins face-off versus Adam Brooks in Wolf Pack zone.
5:39 of 3rd period - Joe Thornton is hit by A.J. Greer.
6:42 of 3rd period - Shot by Fillip Zadina.
6:42 of 3rd period - Stopped by Mads Sogaard without a rebound.
6:43 of 3rd period - Zac Dalpe wins face-off versus Nick Merkley in Wolf Pack zone.
7:05 of 3rd period - Brad Richardson is hit by Jake Walman and loses puck.
7:19 of 3rd period - Sasha Chmelevski is hit by Tyler Wotherspoon and loses puck.
7:46 of 3rd period - Shot by Jeremy Bracco.
7:46 of 3rd period - Stopped by Justus Annunen without a rebound.
7:47 of 3rd period - Shane Bowers wins face-off versus Marc McLaughlin in Griffins zone.
7:52 of 3rd period - Shot by Ty Ronning.
7:52 of 3rd period - Stopped by Justus Annunen without a rebound.
7:53 of 3rd period - Marc McLaughlin wins face-off versus Nick Lappin in Griffins zone.
8:00 of 3rd period - Shot by Fillip Zadina.
8:00 of 3rd period - Shot Misses the Net.
9:02 of 3rd period - Shot by Joe Thornton.
9:02 of 3rd period - Shot Blocked by Jake Dotchin.
9:04 of 3rd period - Shot by Luke Witkowski.
9:04 of 3rd period - Deflect By Joe Thornton.
9:04 of 3rd period - Stopped by Justus Annunen with a rebound.
9:26 of 3rd period - Shot by Jake Dotchin.
9:26 of 3rd period - Stopped by Mads Sogaard without a rebound.
9:27 of 3rd period - Brad Richardson wins face-off versus Sasha Chmelevski in Wolf Pack zone.
10:08 of 3rd period - Icing by Otto Koivula.
10:09 of 3rd period - Cole Bardreau wins face-off versus Sasha Chmelevski in Griffins zone.
10:14 of 3rd period - Shot by Cole Bardreau.
10:14 of 3rd period - Shot Blocked by Jack Ahcan.
10:48 of 3rd period - Shot by Tyler Benson.
10:48 of 3rd period - Shot Misses the Net.
11:03 of 3rd period - Shot by Fillip Zadina.
11:03 of 3rd period - Stopped by Mads Sogaard without a rebound.
11:04 of 3rd period - Joe Thornton wins face-off versus Alexander Volkov in Wolf Pack zone.
11:23 of 3rd period - Shot by Alexander Volkov.
11:23 of 3rd period - Shot Blocked by Luke Witkowski.
11:25 of 3rd period - Shot by Alexander Volkov.
11:25 of 3rd period - Deflect By Adam Brooks.
11:25 of 3rd period - Stopped by Mads Sogaard without a rebound.
11:26 of 3rd period - Zac Dalpe wins face-off versus Teddy Blueger in Wolf Pack zone.
11:33 of 3rd period - Daniel Walcott is hit by Teddy Blueger and loses puck.
12:06 of 3rd period - Shot by Brad Richardson.
12:06 of 3rd period - Deflect By Dave Gust.
12:06 of 3rd period - Shot Misses the Net.
13:01 of 3rd period - Shot by Joe Thornton.
13:01 of 3rd period - Stopped by Justus Annunen without a rebound.
13:02 of 3rd period - Henri Ikonen wins face-off versus Adam Brooks in Griffins zone.
13:16 of 3rd period - Adam Brooks is hit by Michael Kapla and loses puck.
13:41 of 3rd period - Shot by Alexander Volkov.
13:41 of 3rd period - Shot Blocked by Michael Kapla.
13:50 of 3rd period - Henri Ikonen is hit by Dylan Coghlan and loses puck.
14:17 of 3rd period - Shot by Luke Witkowski.
14:17 of 3rd period - Stopped by Justus Annunen with a rebound.
14:19 of 3rd period - Shot by Emile Poirier.
14:19 of 3rd period - Goal by Emile Poirier - Griffins : 3 - Wolf Pack : 3.
14:20 of 3rd period - Sasha Chmelevski wins face-off versus Cole Bardreau in neutral zone.
14:31 of 3rd period - Icing by Jack Ahcan.
14:32 of 3rd period - Zac Dalpe wins face-off versus Sasha Chmelevski in Griffins zone.
14:44 of 3rd period - Jack Ahcan is hit by Brad Richardson and loses puck.
16:02 of 3rd period - Marc McLaughlin is hit by Seth Helgeson and loses puck.
16:46 of 3rd period - Shot by Alexander Volkov.
16:46 of 3rd period - Shot Blocked by Nick Lappin.
16:54 of 3rd period - Shot by Jeremy Bracco.
16:54 of 3rd period - Stopped by Justus Annunen without a rebound.
16:54 of 3rd period - Minor Penalty to Jake Dotchin for Hooking.
16:55 of 3rd period - Zac Dalpe wins face-off versus Fillip Zadina in Griffins zone.
16:58 of 3rd period - Shot by Brad Richardson.
16:58 of 3rd period - Stopped by Justus Annunen with a rebound.
17:00 of 3rd period - Shot by Matt Donovan.
17:00 of 3rd period - Deflect By Brad Richardson.
17:00 of 3rd period - Shot Misses the Net.
17:02 of 3rd period - Shot by Zac Dalpe .
17:02 of 3rd period - Deflect By Brad Richardson.
17:02 of 3rd period - Stopped by Justus Annunen without a rebound.
17:03 of 3rd period - Fillip Zadina wins face-off versus Dave Gust in Griffins zone.
17:19 of 3rd period - Shot by Fillip Zadina.
17:19 of 3rd period - Deflect By Tyler Benson.
17:19 of 3rd period - Stopped by Mads Sogaard without a rebound.
17:20 of 3rd period - Zac Dalpe wins face-off versus Fillip Zadina in Wolf Pack zone.
17:27 of 3rd period - Shot by Tyler Wotherspoon.
17:27 of 3rd period - Stopped by Justus Annunen without a rebound.
17:28 of 3rd period - Fillip Zadina wins face-off versus Zac Dalpe in Griffins zone.
19:01 of 3rd period - Cole Bardreau is hit by Jake Dotchin and loses puck.
19:52 of 3rd period - Shot by Nick Merkley.
19:52 of 3rd period - Stopped by Mads Sogaard with a rebound.
19:54 of 3rd period - Shot by Sasha Chmelevski.
19:54 of 3rd period - Shot Misses the Net.
19:56 of 3rd period - Shot by Sasha Chmelevski.
19:56 of 3rd period - Deflect By Nick Merkley.
19:56 of 3rd period - Stopped by Mads Sogaard with a rebound.
19:58 of 3rd period - Shot by Nick Merkley.
19:58 of 3rd period - Shot Misses the Net.
Goals for this period are 1 for Griffins vs 1 for Wolf Pack.
Shots for this period are 11 for Griffins vs 13 for Wolf Pack.

Overtime #1


0:01 of 1st overtime period - Brad Richardson wins face-off versus Shane Gersich in neutral zone.
0:04 of 1st overtime period - Shot by Emile Poirier.
0:04 of 1st overtime period - Stopped by Justus Annunen with a rebound.
0:34 of 1st overtime period - Shot by Jonathan Dahlen.
0:34 of 1st overtime period - Shot Misses the Net.
0:36 of 1st overtime period - Shot by Shane Gersich.
0:36 of 1st overtime period - Shot Misses the Net.
0:38 of 1st overtime period - Shot by Jonathan Dahlen.
0:38 of 1st overtime period - Stopped by Mads Sogaard without a rebound.
0:39 of 1st overtime period - Shane Gersich wins face-off versus Brad Richardson in Wolf Pack zone.
0:42 of 1st overtime period - Shot by Shane Gersich.
0:42 of 1st overtime period - Deflect By Jonathan Dahlen.
0:42 of 1st overtime period - Shot Misses the Net.
0:56 of 1st overtime period - Shot by Brad Richardson.
0:56 of 1st overtime period - Shot Blocked by Shane Gersich.
0:58 of 1st overtime period - Shot by Emile Poirier.
0:58 of 1st overtime period - Shot Blocked by Jake Dotchin.
1:00 of 1st overtime period - Shot by Emile Poirier.
1:00 of 1st overtime period - Stopped by Justus Annunen with a rebound.
1:02 of 1st overtime period - Shot by Emile Poirier.
1:02 of 1st overtime period - Shot Misses the Net.
1:44 of 1st overtime period - Shot by Jeremy Bracco.
1:44 of 1st overtime period - Stopped by Justus Annunen without a rebound.
1:45 of 1st overtime period - Joe Thornton wins face-off versus Teddy Blueger in Griffins zone.
2:06 of 1st overtime period - Shot by Joe Thornton.
2:06 of 1st overtime period - Shot Blocked by Jacob Larsson.
2:47 of 1st overtime period - Shot by Brad Richardson.
2:47 of 1st overtime period - Stopped by Justus Annunen with a rebound.
3:19 of 1st overtime period - Shot by Henri Ikonen.
3:19 of 1st overtime period - Deflect By Cole Bardreau.
3:19 of 1st overtime period - Stopped by Justus Annunen with a rebound.
3:21 of 1st overtime period - Shot by Henri Ikonen.
3:21 of 1st overtime period - Shot Blocked by A.J. Greer.
3:49 of 1st overtime period - Shot by Joe Thornton.
3:49 of 1st overtime period - Shot Blocked by Teddy Blueger.
4:03 of 1st overtime period - Shot by Teddy Blueger.
4:03 of 1st overtime period - Stopped by Mads Sogaard without a rebound.
4:04 of 1st overtime period - Brad Richardson wins face-off versus Sasha Chmelevski in Wolf Pack zone.
4:25 of 1st overtime period - Shot by Emile Poirier.
4:25 of 1st overtime period - Stopped by Justus Annunen without a rebound.
4:26 of 1st overtime period - Brad Richardson wins face-off versus Shane Gersich in Griffins zone.
4:38 of 1st overtime period - Icing by Shane Gersich.
4:39 of 1st overtime period - Brad Richardson wins face-off versus Shane Gersich in Griffins zone.
4:48 of 1st overtime period - Shot by Brad Richardson.
4:48 of 1st overtime period - Stopped by Justus Annunen without a rebound.
4:49 of 1st overtime period - Brad Richardson wins face-off versus Teddy Blueger in Griffins zone.
Goals for this period are 0 for Griffins vs 0 for Wolf Pack.
Shots for this period are 2 for Griffins vs 7 for Wolf Pack.

ShootOut


5:00 of 1st overtime period - Round #1.
5:00 of 1st overtime period - Griffins, Fillip Zadina.
5:00 of 1st overtime period - Goal by Fillip Zadina.
5:00 of 1st overtime period - Wolf Pack, Zac Dalpe .
5:00 of 1st overtime period - Shot Misses the Net.
5:00 of 1st overtime period - Round #2.
5:00 of 1st overtime period - Griffins, Tyler Benson.
5:00 of 1st overtime period - Goal by Tyler Benson.
5:00 of 1st overtime period - Wolf Pack, Dave Gust.
5:00 of 1st overtime period - Stopped by Justus Annunen.
5:00 of 1st overtime period - Round #3.